 Dungeon Crawl Stone Soup version 0.30-a0-639-g3916f1956a (webtiles) character file.

Game seed: 12382808536459865480

22216 wormed the Severer (level 12, -4/165 HPs)
             Began as a Minotaur Berserker on Jan 15, 2023.
             Was a High Priest of Trog.
             Slain by a 12-headed hydra (9 damage)
             ... on level 4 of the Lair of Beasts.
             The game lasted 00:16:04 (10643 turns).

wormed the Severer (Minotaur Berserker)            Turns: 10643, Time: 00:16:04

Health: -4/165     AC:  8    Str: 23    XL:     12   Next: 61%
Magic:  11/11      EV: 20    Int:  4    God:    Trog [*****.]
Gold:   816        SH:  8    Dex: 19    Spells: 11/11 levels left

rFire   . . .      SeeInvis .    O - +3 broad axe
rCold   . . .      Faith    .    h - +1 buckler
rNeg    . . .      Spirit   .    C - +3 robe of the Swamp {rElec Regen+ Dex+5 Stlth+}
rPois   .          Reflect  .    (helmet restricted)
rElec   +          Harm     .    b - +0 cloak
rCorr   .          Rampage  .    f - +0 pair of gloves
Will    +....                    (no boots) Stlth
                                 w - amulet of regeneration
HPRegen 2.07/turn                n - ring of willpower
MPRegen 0.12/turn                K - +4 ring of slaying

@: berserking, studying Dodging, very quick
A: horns 2, retaliatory headbutt
a: Renounce Religion, Berserk, Trog's Hand, Brothers in Arms


You were on level 4 of the Lair of Beasts.
You worshipped Trog.
Trog was extremely pleased with you.
You visited 2 branches of the dungeon, and saw 15 of its levels.

You collected 816 gold pieces.

Inventory:

Hand Weapons
 p - a +1 whip of electrocution
 O - a +3 broad axe (weapon)
Missiles
 d - 45 poisoned darts (quivered)
 v - 2 throwing nets
 H - 5 curare-tipped darts
Armour
 b - a +0 cloak (worn)
 f - a +0 pair of gloves (worn)
 h - a +1 buckler (worn)
 C - the +3 robe of the Swamp (worn) {rElec Regen+ Dex+5 Stlth+}
   (You found it on level 8 of the Dungeon)

   Dex:       It affects your dexterity (+5).
   rElec:     It insulates you from electricity.
   Regen:     It increases your rate of health regeneration.
   Stlth:     It makes you more stealthy.
Jewellery
 l - a ring of protection from fire
 n - a ring of willpower (left hand)
 w - an amulet of regeneration (around neck)
 x - a ring of see invisible
 K - a +4 ring of slaying (right hand)
 M - a +6 ring of intelligence
Wands
 q - a wand of flame (49)
 E - a wand of roots (3)
 F - a wand of mindburst (10)
 J - a wand of acid (10)
Scrolls
 a - 2 scrolls of fog
 m - 2 scrolls of silence
 r - 4 scrolls of enchant armour
 t - 6 scrolls of teleportation
 y - 2 scrolls of identify
 A - 3 scrolls of vulnerability
 D - 2 scrolls of magic mapping
 L - a scroll of summoning
 N - a scroll of immolation
Potions
 c - a potion of resistance
 e - 3 potions of heal wounds
 g - 8 potions of curing
 i - 3 potions of might
 j - 2 potions of haste
 k - 6 potions of mutation
 o - 3 potions of lignification
 s - a potion of magic
 u - a potion of attraction
 z - a potion of ambrosia
 B - a potion of invisibility
 G - 2 potions of berserk rage


   Skills:
 + Level 11.0 Fighting
 * Level 15.1 Axes
 + Level 10.9 Armour
 + Level 12.0 Dodging
 + Level 10.4 Shields


You had 11 spell levels left.
You didn't know any spells.
Your spell library was empty.

Dungeon Overview and Level Annotations

Branches:
Dungeon (11/15)            Temple (0/1) D:5            Lair (4/5) D:8
 Shoals (0/4) Lair:2       Spider (0/4) Lair:3          Orc (0/2) D:10
  Slime: Lair:4-5

Altars:
Cheibriados
Dithmenos
Gozag
Hepliaklqana
Kikubaaqudgha
Makhleb
Nemelex Xobeh
Okawaru
Trog
Uskayaw
Yredelemnul
Zin
The Shining One

Shops:
D:2 [   D:3 *

Annotations:
Lair:3 3 runed translucent doors, Hubris850's ghost, journeyman MiBe


Innate Abilities, Weirdness & Mutations

You have a pair of horns on your head.
You reflexively headbutt those who attack you in melee.


Message History

You hear an angry hiss.
The 12-headed hydra bites you. x2; You block the 12-headed hydra's attack.
The 12-headed hydra barely misses you. You block the 12-headed hydra's attack.
The 12-headed hydra bites you but does no damage.
The 12-headed hydra bites you!
The 12-headed hydra completely misses you.
The 12-headed hydra bites you.
* * * LOW HITPOINT WARNING * * *
You block the 12-headed hydra's attack. The 12-headed hydra bites you.
* * * LOW HITPOINT WARNING * * *
The 12-headed hydra bites you.
* * * LOW HITPOINT WARNING * * *
A wyvern comes into view.
You feel much better.
The 12-headed hydra bites you but does no damage.
The 12-headed hydra completely misses you.
You block the 12-headed hydra's attack. The 12-headed hydra closely misses you.
The 12-headed hydra bites you! You block the 12-headed hydra's attack.
The 12-headed hydra bites you!
* * * LOW HITPOINT WARNING * * *
The 12-headed hydra bites you.
* * * LOW HITPOINT WARNING * * *
The 12-headed hydra barely misses you.
The 12-headed hydra completely misses you.
The 12-headed hydra bites you.
* * * LOW HITPOINT WARNING * * *
The 12-headed hydra bites you.
* * * LOW HITPOINT WARNING * * *
A red film seems to cover your vision as you go berserk!
You feel yourself moving faster!
You feel mighty! The 12-headed hydra bites you!
* * * LOW HITPOINT WARNING * * *
The 12-headed hydra bites you!
* * * LOW HITPOINT WARNING * * *
The 12-headed hydra completely misses you.
The 12-headed hydra bites you!
* * * LOW HITPOINT WARNING * * *
The 12-headed hydra bites you but does no damage.
You block the 12-headed hydra's attack. The 12-headed hydra bites you!
You die... ......# ## ### .....## ##.# ...# .....#### ##.># ll.# #..#.#..###...# rrk# ..##.#.###....# llr# .#....###.....# llr# ##....P.......# khl

..............###D###...
................@.....#
....#.#.............#.#
....#####...........#
.....P #.#........###
.....P###..##.##...#
......##..........##
..........#####...: .##.
.....


You could see a 12-headed hydra, 2 basilisks, 2 rime drakes, a hell hound, 5
wyverns and 4 hell rats.

Vanquished Creatures
  Snorg (Lair:3)
  A catoblepas (Lair:2)
  A two-headed ogre (D:9)
  An orb spider (Lair:3)
  A deep troll (Lair:1)
  Pikel (D:4)
  5 elephants (Lair:2)
  4 cane toads
  A kobold demonologist (D:9)
  2 komodo dragons
  14 rime drakes (Lair:2)
  A polar bear (Lair:3)
  A hornet (D:8)
  9 blink frogs
  Sigmund (D:6)
  2 wyverns
  A shadow (D:9)
  15 yaks
  A basilisk (Lair:4)
  Eustachio (D:4)
  6 steam dragons
  7 water moccasins
  An acid dragon (Lair:2)
  Duvessa (D:6)
  5 orc warriors
  2 ice beasts
  2 sky beasts
  2 black bears
  2 ogres
  2 centaurs
  2 lemures (D:4)
  10 kobold brigands
  8 bullfrogs
  3 necrophages
  2 scorpions
  Dowan (D:6)
  16 killer bees
  2 howler monkeys (D:7)
  6 jellies
  3 hounds
  3 gnoll boudas
  3 orc priests
  Crazy Yiuf (D:3)
  Jessica (D:2)
  5 iguanas
  8 orc wizards
  Robin (D:2)
  20 gnolls
  3 adders
  3 shadow imps
  An ufetubus (D:7)
  4 worms
  2 dart slugs
  20 orcs
  6 ball pythons
  7 bats
  7 endoplasms
  A giant cockroach (D:2)
  16 goblins
  13 hobgoblins
  6 jackals (D:4)
  28 kobolds
  8 quokkas
  7 frilled lizards
  8 kobold skeletons (D:9)
  10 kobold zombies (D:9)
  8 rats
347 creatures vanquished.

Vanquished Creatures (others)
  7 fungi
  8 plants
15 creatures vanquished.

Grand Total: 362 creatures vanquished

Notes
Turn   | Place    | Note
-------+----------+-------------------------------------------
     0 | D:1      | wormed the Minotaur Berserker began the quest for the Orb.
     0 | D:1      | Reached XP level 1. HP: 19/19 MP: 0/0
   170 | D:1      | Reached XP level 2. HP: 27/27 MP: 1/1
   220 | D:1      | Found a faded altar of an unknown god.
   227 | D:1      | Reached skill level 4 in Axes
   561 | D:1      | Reached skill level 1 in Shields
  1093 | D:2      | Reached XP level 3. HP: 33/33 MP: 2/2
  1110 | D:2      | Reached ** piety under Trog
  1172 | D:2      | Noticed Robin
  1177 | D:2      | Killed Robin
  1182 | D:2      | Reached XP level 4. HP: 26/40 MP: 3/3
  1351 | D:2      | Noticed Jessica
  1356 | D:2      | Killed Jessica
  1419 | D:2      | Found Fetust's Antique Armour Shop.
  1765 | D:3      | Found a basalt altar of Yredelemnul.
  2000 | D:3      | Found a glowing golden altar of the Shining One.
  2110 | D:3      | Found a sparkling altar of Nemelex Xobeh.
  2177 | D:3      | Found a runed translucent door.
  2178 | D:3      | Noticed Crazy Yiuf
  2263 | D:3      | Found an opulent altar of Gozag.
  2269 | D:3      | Found Gozag's Platinum Reserve.
  2395 | D:3      | Killed Crazy Yiuf
  2396 | D:3      | Reached skill level 5 in Axes
  2396 | D:3      | Reached XP level 5. HP: 46/46 MP: 4/4
  2516 | D:4      | Noticed Eustachio
  2526 | D:4      | Killed Eustachio
  2527 | D:4      | Reached XP level 6. HP: 47/53 MP: 5/5
  2606 | D:4      | Reached *** piety under Trog
  2943 | D:4      | Reached skill level 6 in Axes
  3190 | D:4      | Noticed Pikel
  3198 | D:4      | Killed Pikel
  3199 | D:4      | Reached skill level 5 in Fighting
  3199 | D:4      | Reached skill level 7 in Axes
  3199 | D:4      | Reached XP level 7. HP: 60/61 MP: 2/6
  3485 | D:5      | Entered Level 5 of the Dungeon
  3611 | D:5      | Found a staircase to the Ecumenical Temple.
  3720 | D:5      | Reached skill level 5 in Armour
  3926 | D:5      | Reached XP level 8. HP: 58/70 MP: 4/7
  4125 | D:5      | Reached skill level 8 in Axes
  4429 | D:5      | Found a glowing silver altar of Zin.
  4445 | D:5      | Reached skill level 5 in Dodging
  4744 | D:6      | Reached skill level 5 in Shields
  4801 | D:6      | Reached **** piety under Trog
  4937 | D:6      | Reached skill level 9 in Axes
  4941 | D:6      | Reached XP level 9. HP: 21/78 MP: 8/8
  5187 | D:6      | Found a snail-covered altar of Cheibriados.
  5203 | D:6      | Found a shadowy altar of Dithmenos.
  5213 | D:6      | Identified the +12 chain mail of Limitation {rElec Will+
                  | Dex+3 Stlth-}
  5305 | D:6      | Noticed Duvessa
  5305 | D:6      | Noticed Dowan
  5317 | D:6      | Killed Duvessa
  5328 | D:6      | Killed Dowan
  5381 | D:6      | Noticed Sigmund
  5387 | D:6      | Killed Sigmund
  5628 | D:7      | Reached skill level 10 in Axes
  5758 | D:7      | Reached ***** piety under Trog
  6421 | D:8      | Found a hide-covered altar of Uskayaw.
  6430 | D:8      | Reached XP level 10. HP: 70/88 MP: 9/9
  6448 | D:8      | Found a staircase to the Lair.
  6545 | D:8      | Identified the +3 robe of the Swamp {rElec Regen+ Dex+5
                  | Stlth+}
  6680 | D:8      | Received a gift from Trog
  6815 | D:8      | Reached skill level 11 in Axes
  6835 | D:8      | Identified a scroll of acquirement
  6835 | D:8      | Acquired a manual of Dodging
  7094 | D:9      | Found a burning altar of Makhleb.
  7120 | D:9      | Noticed a two-headed ogre
  7128 | D:9      | Killed a two-headed ogre
  7189 | D:9      | You fall into a shaft and drop 2 floors!
  7280 | D:10     | Entered Level 10 of the Dungeon
  7297 | D:10     | Found a staircase to the Orcish Mines.
  7340 | D:9      | Reached skill level 12 in Axes
  7501 | D:9      | Found an iron altar of Okawaru.
  7501 | D:9      | Found a bloodstained altar of Trog.
  7579 | D:9      | Reached XP level 11. HP: 97/97 MP: 10/10
  7584 | D:9      | Found an ancient bone altar of Kikubaaqudgha.
  7890 | D:9      | Received a gift from Trog
  8036 | Lair:1   | Entered Level 1 of the Lair of Beasts
  8170 | Lair:1   | Noticed a deep troll
  8176 | Lair:1   | Killed a deep troll
  8717 | Lair:1   | Reached skill level 13 in Axes
  8894 | Lair:2   | Noticed a catoblepas
  8908 | Lair:2   | HP: 3/97 [cane toad (2)]
  9009 | Lair:2   | Reached skill level 10 in Dodging
  9113 | Lair:2   | Reached skill level 10 in Fighting
  9120 | Lair:2   | Reached skill level 10 in Armour
  9172 | Lair:2   | Killed a catoblepas
  9173 | Lair:2   | Reached skill level 14 in Axes
  9173 | Lair:2   | Reached XP level 12. HP: 106/106 MP: 11/11
  9406 | Lair:2   | Reached skill level 10 in Shields
  9564 | Lair:2   | Found a staircase to the Shoals.
  9760 | Lair:3   | Noticed Snorg
  9766 | Lair:3   | Killed Snorg
  9770 | Lair:3   | Found a runed translucent gate.
  9770 | Lair:3   | Found a runed translucent gate.
  9770 | Lair:3   | Found a runed translucent gate.
  9800 | Lair:3   | Received a gift from Trog
  9828 | Lair:3   | Noticed Hubris850's ghost (journeyman MiBe)
  9864 | Lair:3   | Found a hazy altar of Hepliaklqana.
 10141 | Lair:3   | Found a hole to the Spider Nest.
 10531 | Lair:4   | Reached skill level 15 in Axes
 10633 | Lair:4   | Noticed an eight-headed hydra
 10643 | Lair:4   | HP: 5/165 [12-headed hydra (12)]
 10643 | Lair:4   | Slain by a 12-headed hydra

Illustrated notes

Levels and vault maps discovered:
D:1:      lightli_arrival_flooded_house, layout_basic,
          chequers_ecumenical_altar_simple
D:2:      layout_rooms, serial_shops, nicolae_shop_window_shopping, uniq_robin,
          uniq_jessica
D:3:      layout_rooms, lemuel_round_altar, lemuel_round_altar,
          nicolae_gozag_zags_fifth_avenue, amcnicky_altar_gilded,
          uniq_crazy_yiuf_cottage
D:4:      layout_cave_pods, serial_column_ruins, column_ruins_hut_pillars,
          column_ruins_grid_5, column_ruins_open_small,
          column_ruins_corridor_straight, column_ruins_columns_straight,
          column_ruins_grid_3, column_ruins_grid_1, uniq_eustachio, uniq_pikel
D:5:      layout_layer_cave, mainiacjoe_overflow_boulevard,
          minmay_temple_entry_purple_smoke
D:6:      layout_basic, kennysheep_mini_moat,
          mainiacjoe_overflow_surrounded_room, minivault_22, uniq_duvessa,
          uniq_sigmund
D:7:      layout_cave_pools
D:8:      layout_basic, nicolae_uskayaw_dance_hall, lair_entry_dummy
D:9:      wander_kiku_kobolds, layout_irregular_city,
          grunt_temple_overflow_bloody_war, old_standard_altar
D:10:     layout_basic, ashenzari_conservatory_becter,
          nicolae_qazlal_general_emergency, erik_orc_3, minmay_liquid_box,
          minmay_misc_feat_tiny, hangedman_decor_peaks_small, uniq_maurice,
          uniq_josephine
D:11:     layout_irregular_city, nicolae_shop_gadgets
Lair:1:   dreamdust_cave_troll, layout_cave_pods
Lair:2:   layout_misc_corridors, elwin_shoals_entry_rooms,
          bobbens_dragon_lair_wall
Lair:3:   layout_chaotic_city, nicolae_spider_entry_orb_guardian,
          gammafunk_ghost_icy, basic_altar, st_stairs_6, uniq_snorg
Lair:4:   layout_gridlike, nicolae_slime_entry_field_trip, special_room
          [special_room_mythical_zoo], serial_bayou_pond_c, grunt_megastairs_2

Skill      XL: |  1  2  3  4  5  6  7  8  9 10 11 12 |
---------------+-------------------------------------+-----
Axes           | 4 5 7 9 10 12 14 15 | 15.1
Shields        | 1 2 4 5 6 8 9 10 | 10.4
Armour         | 3 4 5 6 7 8 10 | 10.9
Fighting       | 4 5 6 7 9 10 11 | 11.0
Dodging        | 3 4 5 6 8 10 12 | 12.0

Action                   |  1- 3 |  4- 6 |  7- 9 | 10-12 || total
-------------------------+-------+-------+-------+-------++-------
Melee: Hand axe          |    75 |   137 |     1 |       ||   213
       Headbutt          |    15 |    21 |    50 |    51 ||   137
       Whip              |       |       |   310 |    41 ||   351
       War axe           |       |       |       |   241 ||   241
       Broad axe         |       |       |       |    47 ||    47
Invok: Berserk           |     1 |     2 |     1 |     2 ||     6
  Use: Scroll            |     3 |     9 |     8 |     9 ||    29
       Potion            |       |       |       |     2 ||     2
 Stab: Sleeping          |       |       |       |     4 ||     4
       Petrified         |       |       |       |     1 ||     1
Armor: Leather armour    |    18 |    30 |    80 |       ||   128
       Animal skin       |     1 |       |       |       ||     1
       Scale mail        |       |       |     3 |    17 ||    20
       Robe              |       |       |       |    67 ||    67
Dodge: Dodged            |    39 |    70 |   144 |   254 ||   507
Block: Buckler           |     4 |    28 |    76 |   154 ||   262

Table legend: (Time is in decaauts)
 A = Elapsed time spent in this place.
 B = Non-inter-level travel time spent in this place.
 C = Inter-level travel time spent in this place.
 D = Time resting spent in this place.
 E = Time spent auto-exploring this place.
 F = Levels seen in this place.
 G = Mean time per level.
                   A        B        C        D        E       F      G
               +--------+--------+--------+--------+--------+-----+--------+
         Total |  10742 |  10245 |    497 |    134 |   8005 |  15 |  716.1 |
       Dungeon |   8096 |   7692 |    404 |    134 |   5921 |  11 |  736.0 |
          Lair |   2645 |   2552 |     93 |      0 |   2083 |   4 |  661.2 |
               +--------+--------+--------+--------+--------+-----+--------+

Top non-repeatable levels by time:
     D:5: 1227 daAuts
     D:1: 1083 daAuts
     D:4: 1051 daAuts
  Lair:1: 927 daAuts
     D:6: 916 daAuts
     D:9: 873 daAuts
  Lair:2: 841 daAuts
     D:8: 809 daAuts
     D:3: 749 daAuts
  Lair:3: 736 daAuts
     D:2: 647 daAuts
     D:7: 584 daAuts
  Lair:4: 140 daAuts
    D:11: 93 daAuts
    D:10: 61 daAuts
